 Dungeon Crawl Stone Soup version 0.26.0-10-g1f06aea511 (webtiles) character file.

Game seed: 11860118429706853171

6463 Shayle the Thaumaturge (level 10, -11/105 HPs)
             Began as a Palentonga Necromancer on Jan 14, 2021.
             Was a Follower of Kikubaaqudgha.
             Mangled by a five-headed hydra (18 damage)
             ... on level 2 of the Lair of Beasts.
             The game lasted 00:34:14 (14588 turns).

Shayle the Thaumaturge (Palentonga Necromancer)    Turns: 14588, Time: 00:34:17

Health: -11/105    AC: 17    Str:  8    XL:     10   Next: 68%
Magic:  3/22       EV: 12    Int: 20    God:    Kikubaaqudgha [*.....]
Gold:   510        SH:  0    Dex: 14    Spells: 11/26 levels left

rFire    + . .     SeeInvis +   b - +3 quarterstaff "Pudyedoq" {flame, rElec rN+++ Str-2 Dex+3}
rCold    + . .     Faith    +   (shield currently unavailable)
rNeg     + + +     Spirit   .   a - +0 robe
rPois    .         Reflect  .   (no helmet)
rElec    +         Harm     .   g - +0 cloak
rCorr    .         Rampage  .   (no gloves)
Will     .....                  w - +1 barding
Stlth    +++.......             e - amulet of faith
HPRegen  0.27/turn              D - ring of stealth
MPRegen  0.18/turn              J - ring of protection from fire

@: curled up
A: large, stinger 1, talons 1, rugged brown scales 3, see invisible, clever 1,
cold resistance 1, deformed body, robust 1, weak 1, roll 1, armoured tail,
reflexive curl
a: Rolling Charge, Renounce Religion, Receive Corpses


You were on level 2 of the Lair of Beasts.
You worshipped Kikubaaqudgha.
Kikubaaqudgha was aware of your devotion.
You visited 3 branches of the dungeon, and saw 11 of its levels.
You also visited: Sewer and Ossuary.

You collected 510 gold pieces.

Inventory:

Hand Weapons
 b - the +3 quarterstaff "Pudyedoq" (weapon) {flame, rElec rN+++ Str-2 Dex+3}
   (You found it on level 5 of the Dungeon)

   It has been specially enchanted to burn those struck by it, causing extra
   injury to most foes and up to half again as much damage against particularly
   susceptible opponents.
   It affects your strength (-2).
   It affects your dexterity (+3).
   It insulates you from electricity.
   It renders you almost immune to negative energy.
 l - a +2 trident of flaming
 t - a +1 whip of freezing
Armour
 a - a +0 robe (worn)
 g - a +0 cloak (worn)
 m - a +0 buckler
 w - a +1 barding (worn)
 A - a +3 ring mail of cold resistance
Magical Staves
 v - an uncursed staff of earth {unknown}
Jewellery
 e - an amulet of faith (around neck)
 u - an uncursed amulet of guardian spirit
 z - an uncursed amulet of the acrobat
 B - an uncursed amulet of magic regeneration
 D - a ring of stealth (left hand)
 J - a ring of protection from fire (right hand)
Wands
 f - a wand of flame (23)
 s - a wand of enslavement (7)
 x - a wand of random effects (11)
 E - a wand of paralysis (6)
 F - a wand of digging (8)
Scrolls
 c - 5 scrolls of remove curse
 h - 2 scrolls of fog
 j - 3 scrolls of identify
 p - a scroll of fear {unknown}
 q - a scroll of vulnerability {unknown}
 C - a scroll of teleportation
Potions
 d - a potion of mutation
 i - 2 potions of magic
 k - 4 potions of flight
 n - 4 potions of cancellation
 o - 3 potions of haste


   Skills:
 - Level 8.5 Fighting
 + Level 7.9 Dodging
 - Level 1.2 Stealth
 + Level 8.7 Spellcasting
 + Level 5.3 Necromancy
 + Level 2.9 Evocations


You had 11 spell levels left.
You knew the following spells:

 Your Spells              Type           Power        Failure   Level
a - Pain                  Necr           100%         1%          1
b - Vampiric Draining     Necr           15%          2%          3
c - Animate Dead          Necr           15%          9%          4
d - Agony                 Necr           30%          24%         5
e - Sublimation of Blood  Necr           15%          1%          2

Your spell library contained the following spells:

 Spells                   Type           Power        Failure   Level
 Animate Skeleton         Necr           60%          1%          1
 Corpse Rot               Necr/Air       N/A          4%          2
 Beastly Appendage        Tmut           16%          8%          1
 Wereblood                Tmut           8%           12%         2
 Spider Form              Tmut/Pois      4%           24%         3
 Ice Form                 Ice/Tmut       8%           61%         4
 Blade Hands              Tmut           4%           91%         5


Dungeon Overview and Level Annotations

Branches:
Dungeon (8/15)             Temple (1/1) D:7            Lair (2/6) D:8
  Sewer (visited)         Ossuary (visited)
  Swamp: Lair:2-4    Shoals: Lair:2-4     Snake: Lair:2-4    Spider: Lair:2-4

Altars:
Ashenzari
Cheibriados
Dithmenos
Elyvilon
Gozag
Hepliaklqana
Kikubaaqudgha
Makhleb
Nemelex Xobeh
Okawaru
Qazlal
Sif Muna
Uskayaw
Wu Jian

Annotations:
D:8 1 runed translucent door, SturgillTurtle's ghost, novice MiGl


Innate Abilities, Weirdness & Mutations

You are completely covered in rugged brown scales. (AC +3, +7% HP)
You have supernaturally acute eyesight. (SInv)
Armour fits poorly on your strangely shaped body.
You can roll at nearby foes to attack.
You have a long armoured tail.
You curl defensively after being hit.
Your tail ends in a poisonous barb.
You have sharp toenails.
Your mind is acute. (Int +2)
Your flesh is cold resistant. (rC+)
You are robust. (+10% HP)
You are weak. (Str -2)


Message History

Okay, then.
Evoke which item? (* to show all) (? for menu, Esc to quit)
Okay, then.
Okay, then.
Okay, then.
Casting: Vampiric Draining (mildly dangerous; 2% risk of failure)
Confirm with . or Enter, or press ? or * to list all spells.
Aiming: Vampiric Draining (mildly dangerous; 2% risk of failure)
Press: ? - help, Shift-Dir - straight line, f/p - five-headed hydra
Aim: a five-headed hydra (severely wounded, slightly transparent)
The five-headed hydra is almost dead.
You feel life coursing into your body.
The five-headed hydra completely misses you.
The five-headed hydra bites you!
* * * LOW HITPOINT WARNING * * *
The five-headed hydra closely misses you.
The five-headed hydra barely misses you.
The five-headed hydra bites you!!
You die...
Kikubaaqudgha rasps: "You have failed me!
Welcome... death!"

.......>....D.........##......##.
..........................#.###.#
...(..S...................####..#
.......#.#.#.#.#.#........## #..#
...........................###.P#
......<#.#.#.#.#.#..........#..##
...............................P#
.......#.#.#.#.#D#.............##
................@.............##
.......#.#.#.#.#.#.............#
...............................#
.......#.#>#.#.#.#.......####P##
............(...........## ###
.......#.#.#.#.#.##.....#######
..(......................#.##.#
.............................##
.........................##P##


You could see a five-headed hydra (invisible).

Vanquished Creatures
  A hydra (Lair:1)
  Pikel (D:5)
  A black mamba (Lair:1)
  A cane toad (Lair:1)
  A killer bee (D:8)
  Edmund (D:5)
  5 water moccasins
  3 necrophages
  2 ice beasts
  3 orc warriors
  A phantom (D:6)
  3 centaurs
  10 ogres
  A big kobold (Sewer)
  9 bullfrogs
  3 scorpions
  3 howler monkeys (D:8)
  A human zombie (D:7)
  A quasit (D:6)
  A centaur skeleton (D:6)
  4 centaur zombies (Ossuary)
  7 orc priests
  A hound (D:7)
  4 iguanas
  3 orc wizards
  3 worker ants
  A killer bee zombie (D:7)
  2 big kobold zombies (Ossuary)
  5 mummies (Ossuary)
  7 adders
  5 river rats
  2 shadow imps
  3 white imps (Lair:2)
  2 adder skeletons (D:6)
  An adder zombie (D:7)
  5 worms
  A dart slug (D:2)
  7 leopard geckos
  39 orcs
  2 ball pythons
  4 giant cockroaches
  4 hobgoblins
  14 jackals
  6 quokkas
  6 bats
  2 frilled lizards
  14 goblins
  4 hobgoblin zombies (Ossuary)
  A jackal zombie (D:7)
  5 kobolds
  A kobold zombie (D:7)
  A leopard gecko skeleton (D:4)
  12 rats
230 creatures vanquished.

Vanquished Creatures (collateral kills)
  A bullfrog (Lair:1)
1 creature vanquished.

Vanquished Creatures (others)
  2 killer bees (D:8)
  A fungus (Lair:2)
3 creatures vanquished.

Grand Total: 234 creatures vanquished

Notes
Turn   | Place    | Note
-------+----------+-------------------------------------------
     0 | D:1      | Shayle the Palentonga Necromancer began the quest for the
                  | Orb.
     0 | D:1      | Reached XP level 1. HP: 14/14 MP: 3/3
   651 | D:1      | Reached XP level 2. HP: 14/23 MP: 0/5
  1067 | D:2      | Reached skill level 1 in Fighting
  1138 | D:2      | Found a broken altar of Ashenzari.
  1541 | D:3      | Found a stormy altar of Qazlal.
  1646 | D:3      | Reached XP level 3. HP: 28/29 MP: 6/6
  1829 | D:3      | Learned a level 3 spell: Vampiric Draining
  2696 | D:3      | Reached XP level 4. HP: 25/38 MP: 8/8
  3809 | D:4      | Reached XP level 5. HP: 35/44 MP: 5/9
  5379 | D:5      | Entered Level 5 of the Dungeon
  5379 | D:5      | Noticed Edmund
  5390 | D:5      | Reached XP level 6. HP: 27/54 MP: 11/11
  5407 | D:5      | Killed Edmund
  5648 | D:5      | Got a twisted quarterstaff
  5672 | D:5      | Found a glowing drain.
  5674 | D:5      | Identified the +3 quarterstaff "Pudyedoq" {flame, rElec
                  | rN+++ Str-2 Dex+3} (You found it on level 5 of the Dungeon)
  5687 | D:5      | Noticed a water moccasin
  5704 | Sewer    | Entered a sewer
  5998 | Sewer    | Found a white marble altar of Elyvilon.
  6210 | D:5      | Gained mutation: You curl defensively after being hit.
                  | [Palentonga growth]
  6210 | D:5      | Reached XP level 7. HP: 54/63 MP: 13/13
  6407 | D:5      | Learned a level 4 spell: Animate Dead
  6839 | D:5      | Noticed Pikel
  6868 | D:5      | Killed Pikel
  6869 | D:5      | Reached skill level 5 in Fighting
  6869 | D:5      | Reached skill level 5 in Spellcasting
  6869 | D:5      | Reached XP level 8. HP: 34/73 MP: 14/16
  7086 | D:5      | Reached skill level 5 in Dodging
  8786 | D:6      | Found an opulent altar of Gozag.
  9299 | D:7      | Reached XP level 9. HP: 32/83 MP: 18/18
  9452 | D:7      | Found a sand-covered staircase.
  9461 | Ossuary  | Entered an ossuary
  9467 | Ossuary  | Gained mutation: You have large cloven feet. [potion of
                  | mutation]
  9467 | Ossuary  | Gained mutation: You are weak. (Str -2) [potion of
                  | mutation]
  9467 | Ossuary  | Gained mutation: Your tail ends in a poisonous barb.
                  | [potion of mutation]
  9847 | Ossuary  | Lost mutation: Your tail ends in a poisonous barb. [potion
                  | of mutation]
  9847 | Ossuary  | Lost mutation: You have large cloven feet. [potion of
                  | mutation]
  9847 | Ossuary  | Gained mutation: You are very weak. (Str -4) [potion of
                  | mutation]
  9847 | Ossuary  | Gained mutation: You are clumsy. (Dex -2) [potion of
                  | mutation]
  9847 | Ossuary  | Gained mutation: Your flesh is cold resistant. (rC+)
                  | [potion of mutation]
  9848 | Ossuary  | Lost mutation: You are very weak. (Str -4) [potion of
                  | mutation]
  9848 | Ossuary  | Lost mutation: You are clumsy. (Dex -2) [potion of
                  | mutation]
  9848 | Ossuary  | Gained mutation: You have sharp toenails. [potion of
                  | mutation]
  9848 | Ossuary  | Gained mutation: Your tail ends in a poisonous barb.
                  | [potion of mutation]
  9848 | Ossuary  | Gained mutation: You are robust. (+10% HP) [potion of
                  | mutation]
  9848 | Ossuary  | Gained mutation: Your mind is acute. (Int +2) [potion of
                  | mutation]
 10217 | D:7      | Found a hide-covered altar of Uskayaw.
 10217 | D:7      | Found a burning altar of Makhleb.
 10217 | D:7      | Found a hazy altar of Hepliaklqana.
 10323 | D:7      | Found a snail-covered altar of Cheibriados.
 10645 | D:7      | Learned a level 5 spell: Agony
 11080 | D:7      | Found a staircase to the Ecumenical Temple.
 11088 | Temple   | Entered the Ecumenical Temple
 11238 | Temple   | Became a worshipper of Kikubaaqudgha
 11725 | D:8      | Found a staircase to the Lair.
 12396 | D:8      | Found a runed translucent door.
 12400 | D:8      | Noticed SturgillTurtle's ghost (novice MiGl)
 12512 | D:8      | Reached XP level 10. HP: 97/102 MP: 21/21
 13294 | Lair:1   | Entered Level 1 of the Lair of Beasts
 13294 | Lair:1   | Noticed a four-headed hydra
 13307 | Lair:1   | Killed a four-headed hydra
 13308 | Lair:1   | Reached skill level 1 in Evocations
 13552 | Lair:1   | Noticed a cane toad
 13567 | Lair:1   | Reached * piety under Kikubaaqudgha
 13567 | Lair:1   | Identified Kikubaaqudgha's Handbook of Black Secrets
                  | (Kikubaaqudgha gifted it to you on level 1 of the Lair of
                  | Beasts)
 13567 | Lair:1   | Received a gift from Kikubaaqudgha
 13821 | D:8      | Learned a level 2 spell: Sublimation of Blood
 13835 | Lair:1   | Killed a cane toad
 13967 | Lair:1   | Noticed a black mamba
 13972 | Lair:1   | Killed a black mamba
 14245 | Lair:2   | Reached skill level 5 in Necromancy
 14370 | Lair:2   | Noticed a five-headed hydra
 14588 | Lair:2   | Mangled by a five-headed hydra

Illustrated notes

Levels and vault maps discovered:
D:1:      eino_arrival_water_star, layout_loops_ring, minmay_misc_feat_room,
          minmay_misc_feat_encased, moated_statue
D:2:      layout_rooms, lemuel_round_altar, kennysheep_generic_room_11
D:3:      layout_basic, nicolae_qazlal_general_emergency
D:4:      layout_layer_cave, minmay_misc_feat_enclosed
D:5:      layout_basic, portal_sewer_entry_b, minmay_ogre_servants, uniq_pikel,
          uniq_edmund
D:6:      layout_loops_cross, grunt_gozag_statues
D:7:      layout_loops_ring, gammafunk_temple_overflow_claw,
          nicolae_overflow_crystal_walls, minmay_temple_entry_nine_rooms,
          enter_ossuary_3, minmay_misc_feat_rows
D:8:      layout_loops_corners, lair_entry_dummy, ebering_ghost_inner_flame
Temple:   regret_index_temple_generic_petals
Lair:1:   layout_small_grid, eino_small_chamber_without_monster, st_stairs_13
Lair:2:   layout_cave_shapes, enter_volcano_2, portal_ice_cave_entry_imps,
          st_stairs_10

Skill      XL: |  1  2  3  4  5  6  7  8  9 10 |
---------------+-------------------------------+-----
Fighting       | 1 2 3 4 5 6 8 |  8.5
Dodging        | 2 3 4 5 7 |  7.9
Spellcasting   | 3 4 5 6 7 8 |  8.7
Evocations     | 2 |  2.9
Necromancy     | 5 |  5.3
Stealth        | |  1.2

Action                   |  1- 3 |  4- 6 |  7- 9 | 10-12 || total
-------------------------+-------+-------+-------+-------++-------
Melee: Unarmed           |    10 |       |       |       ||    10
       Tailslap          |    17 |    15 |    46 |    16 ||    94
       Dagger            |   120 |       |       |       ||   120
       Trident           |       |    85 |       |       ||    85
       Quarterstaff      |       |    45 |   424 |   117 ||   586
       Kick              |       |       |    15 |       ||    15
 Cast: Pain              |    27 |     8 |     1 |       ||    36
       Vampiric Draining |       |    14 |    17 |    14 ||    45
       Animate Dead      |       |       |     1 |     2 ||     3
       Agony             |       |       |       |     1 ||     1
 Abil: Rolling Charge    |       |     1 |     6 |       ||     7
Evoke: Wand              |       |       |       |     9 ||     9
  Use: Scroll            |       |     4 |    13 |       ||    17
       Potion            |       |     4 |     8 |     3 ||    15
 Stab: Invisible         |       |     2 |       |       ||     2
       Sleeping          |       |       |     5 |     4 ||     9
       Distracted        |       |       |     1 |       ||     1
       Paralysed         |       |       |       |     8 ||     8
Armor: Robe              |    38 |    40 |   204 |    68 ||   350
Dodge: Dodged            |    78 |    86 |   301 |    95 ||   560
